 Dungeon Crawl Stone Soup version 0.27.0-1-g7a089689b8 (webtiles) character file.

Game seed: 9903607607942629815

5771 Acheron the Basher (level 10, -1/92 HPs)
             Began as a Troll Air Elementalist on Aug 14, 2021.
             Was a Priest of the Shining One.
             Succumbed to a water moccasin's poison
             ... on level 9 of the Dungeon.
             The game lasted 00:41:34 (7233 turns).

Acheron the Basher (Troll Air Elementalist)         Turns: 7233, Time: 00:41:35

Health: -1/92      AC:  6    Str: 18    XL:     10   Next: 49%
Magic:  13/13      EV: 11    Int: 11    God:    the Shining One [***...]
Gold:   1564       SH:  5    Dex: 13    Spells: 13/14 levels left

rFire    . . .     SeeInvis .   e - +10 morningstar "Eos" {elec, Halo rElec}
rCold    . . .     Faith    .   (no shield)
rNeg     + . .     Spirit   .   p - +2 robe {Will+}
rPois    +         Reflect  +   (helmet restricted)
rElec    +         Harm     .   (no cloak)
rCorr    .         Rampage  .   (gloves unavailable)
Will     +....                  (boots unavailable)
Stlth    +.........             d - amulet of reflection
HPRegen  1.25/turn              g - ring of poison resistance
MPRegen  0.13/turn              (no ring)

@: lethally poisoned (-1 -> -6), about to teleport, glowing
A: large, unfitting armour, claws 3, regeneration 1, shaggy fur 1, tough skin 1
a: Renounce Religion, Divine Shield


You were on level 9 of the Dungeon.
You worshipped the Shining One.
The Shining One was most pleased with you.
You visited 2 branches of the dungeon, and saw 11 of its levels.
You also visited: Sewer, Ossuary and Bailey.

You collected 1564 gold pieces.

Inventory:

Hand Weapons
 b - a +1 rapier of freezing
 e - the +10 morningstar "Eos" (weapon) {elec, Halo rElec}
   (You acquired it on level 4 of the Dungeon)

   It occasionally discharges a powerful burst of electricity upon striking a
   foe.
   It grants its wielder a halo, increasing accuracy against those within it.
   rElec:     It insulates you from electricity.
 C - the +11 dagger of Chaos {vorpal, Contam rF+++ Str+6}
   (You found it on level 7 of the Dungeon)

   It inflicts extra damage upon your enemies.
   Str:       It affects your strength (+6).
   rF:        It renders you almost immune to fire.
   Contam:    It causes magical contamination when unequipped.
 D - a +0 war axe
 E - a +5 hand axe
Missiles
 f - 74 stones
 l - 14 poisoned darts (quivered)
Armour
 p - a +2 robe of willpower (worn)
Jewellery
 d - an amulet of reflection (around neck)
 g - a ring of poison resistance (left claw)
 j - an amulet of magic regeneration
 x - an amulet of guardian spirit
Wands
 k - a wand of digging (2)
 A - a wand of polymorph (18)
 G - a wand of flame (14)
Scrolls
 c - 3 scrolls of teleportation
 r - a scroll of enchant weapon
 s - a scroll of magic mapping
 y - a scroll of fear
 z - a scroll of amnesia
 B - a scroll of summoning
 H - a scroll of holy word
Potions
 a - 3 potions of cancellation
 h - 2 potions of attraction {unknown}
 i - 2 potions of lignification
 m - 3 potions of might
 n - a potion of invisibility {unknown}
 o - 2 potions of curing
 q - 5 potions of flight
 t - a potion of mutation
 u - 2 potions of haste
 v - a potion of magic
 w - a potion of berserk rage
 F - a potion of heal wounds {unknown}


   Skills:
 * Level 3.7 Fighting
 * Level 9.0 Maces & Flails
 + Level 0.5 Throwing
 * Level 4.4 Dodging
 * Level 2.7 Stealth
 + Level 2.0 Shields
 + Level 4.6 Unarmed Combat
 + Level 2.8 Spellcasting
 + Level 3.4 Conjurations
 + Level 2.1 Air Magic
 * Level 0.5 Invocations
 * Level 2.6 Evocations


You had 13 spell levels left.
You knew the following spells:

 Your Spells              Type           Power      Damage    Failure   Level
a - Shock                 Conj/Air       28%        1d4       9%          1

Your spell library contained the following spells:

 Spells                   Type           Power      Damage    Failure   Level
 Static Discharge         Conj/Air       7%         N/A       13%         2
 Foxfire                  Conj/Fire      20%        2x1d5     14%         1
 Corpse Rot               Necr/Air       N/A        N/A       26%         2
 Poisonous Vapours        Pois/Air       6%         N/A       26%         2
 Swiftness                Air            6%         N/A       32%         3
 Conjure Flame            Conj/Fire      5%         6-21      38%         3
 Inner Flame              Hex/Fire       1%         N/A       63%         3
 Tukima's Dance           Hex            1%         N/A       63%         3
 Airstrike                Air            3%         N/A       73%         4
 Passage of Golubria      Tloc           N/A        N/A       95%         4
 Freezing Cloud           Conj/Ice/Air   2%         6-21      98%         5
 Yara's Violent Unravell  Hex/Tmut       0%         3d3       100%        5


Dungeon Overview and Level Annotations

Branches:
Dungeon (10/15)            Temple (1/1) D:5           Sewer (visited)
Ossuary (visited)          Bailey (visited)
   Lair: D:8-11         Orc: D:9-12

Altars:
Ashenzari
Cheibriados
Dithmenos
Elyvilon
Fedhas
Gozag
Hepliaklqana
Kikubaaqudgha
Makhleb
Nemelex Xobeh
Qazlal
Ru
Sif Muna
Trog
Uskayaw
Wu Jian
Xom
Yredelemnul
Zin
The Shining One

Shops:
D:8 [

Annotations:
D:1 exclusion: downstairs
D:8 exclusion: downstairs
D:9 exclusion: downstairs


Innate Abilities, Weirdness & Mutations

You are too large for most types of armour.
You have claws for hands.
Your natural rate of healing is unusually fast.
You are covered in fur. (AC +1)
You have tough skin. (AC +1)


Message History

You barely miss the water moccasin.
The water moccasin is almost dead.
You feel very sick. The water moccasin bites you.
You closely miss the water moccasin.
The water moccasin is almost dead.
You feel sick. The water moccasin barely misses you.
The water moccasin bites you!
* * * LOW HITPOINT WARNING * * *
You closely miss the water moccasin.
The water moccasin is almost dead.
You feel sick. The water moccasin barely misses you.
You closely miss the water moccasin.
The water moccasin is almost dead.
You feel sick. The water moccasin barely misses you.
The water moccasin closely misses you.
You barely miss the water moccasin.
The water moccasin is almost dead.
You feel sick.
The orc wizard hits you but does no damage.
The water moccasin closely misses you. The orc wizard barely misses you.
You barely miss the water moccasin.
The water moccasin is almost dead.
You feel sick.
The water moccasin completely misses you.
The orc wizard closely misses you.
The orc wizard points at you and mumbles some strange words.
The puff of flame hits you!
* * * LOW HITPOINT WARNING * * *
The water moccasin bites you.
* * * LOW HITPOINT WARNING * * *
As you read the scroll of teleportation, it crumbles to dust.
You feel strangely unstable.
You feel sick. You block the orc wizard's attack. The water moccasin bites you!
* * * LOW HITPOINT WARNING * * *
You are lethally poisoned!
The water moccasin poisons you! The orc wizard barely misses you.
You sock the orc wizard!
The orc wizard is severely wounded.
You die...

#### #..#
####..#
#...oo#
##.#DS@#
#..#o### ##
##..o.# .##
##...### ..#
####...##
#D####......#
.......##...#
.o######....#
..# ##....#


You could see a steam dragon, a water moccasin, 3 orc wizards and an orc.

Vanquished Creatures
  A death yak (D:9)
  Pikel (D:5)
  A shadow (D:7)
  Sigmund (D:4)
  4 yaks (D:8)
  A steam dragon (D:8)
  Menkaure (D:4)
  3 water moccasins
  Duvessa (D:4)
  4 orc warriors
  3 black bears
  An ice beast (D:7)
  A necrophage (D:7)
  A sky beast (D:6)
  6 ogres
  4 scorpions
  3 water moccasin zombies (Ossuary)
  2 wyvern zombies (D:7)
  Dowan (D:4)
  A water moccasin skeleton (D:6)
  3 wyvern skeletons (D:7)
  A killer bee (D:8)
  4 wights
  3 hounds
  4 orc priests
  3 centaur zombies
  2 jellies
  A centaur skeleton (D:7)
  A gnoll shaman (D:8)
  4 orc wizards
  2 mummies (Ossuary)
  2 howler monkey zombies
  Robin (D:2)
  8 gnolls
  3 river rats (D:6)
  2 shadow imps
  A white imp (D:7)
  2 adder skeletons (D:4)
  2 adder zombies (Ossuary)
  6 worms
  A dart slug (D:2)
  28 orcs
  14 ball pythons
  15 bats
  9 endoplasms
  9 giant cockroaches
  6 gnoll zombies (Ossuary)
  6 hobgoblins
  16 jackals
  5 quokkas
  3 frilled lizards
  8 goblins
  11 hobgoblin zombies (Ossuary)
  8 kobolds
  5 kobold zombies (Ossuary)
  3 orc zombies (Ossuary)
  8 rats
251 creatures vanquished.

Vanquished Creatures (others)
  An orc (D:8)
1 creature vanquished.

Grand Total: 252 creatures vanquished

Notes
Turn   | Place    | Note
-------+----------+-------------------------------------------
     0 | D:1      | Acheron the Troll Air Elementalist began the quest for the
                  | Orb.
     0 | D:1      | Reached XP level 1. HP: 16/16 MP: 1/1
   138 | D:1      | Reached XP level 2. HP: 23/24 MP: 2/2
   178 | D:1      | Reached skill level 1 in Conjurations
   276 | D:1      | Found a faded altar of an unknown god.
   421 | D:1      | Reached skill level 1 in Unarmed Combat
   488 | D:1      | Reached XP level 3. HP: 31/31 MP: 1/3
  1013 | D:2      | Noticed Robin
  1189 | D:2      | Reached XP level 4. HP: 37/40 MP: 5/5
  1531 | D:2      | Killed Robin
  1683 | D:4      | Identified 2 scrolls of acquirement
  1683 | D:4      | Acquired 1057 gold pieces
  1685 | D:4      | Acquired the +10 morningstar "Eos" {elec, Halo rElec}
  1686 | D:4      | Found the +10 morningstar "Eos" {elec, Halo rElec}
  1828 | D:4      | Found a sand-covered staircase.
  1841 | Ossuary  | Entered an ossuary
  1897 | Ossuary  | Reached skill level 1 in Maces & Flails
  1897 | Ossuary  | Reached XP level 5. HP: 46/46 MP: 6/6
  1941 | Ossuary  | Reached skill level 2 in Maces & Flails
  1941 | Ossuary  | Reached XP level 6. HP: 54/54 MP: 7/7
  2151 | D:4      | Noticed Sigmund
  2164 | D:4      | Noticed Menkaure
  2172 | D:4      | Killed Menkaure
  2173 | D:4      | Reached skill level 1 in Fighting
  2173 | D:4      | Reached skill level 3 in Maces & Flails
  2173 | D:4      | Reached skill level 1 in Shields
  2176 | D:4      | Killed Sigmund
  2177 | D:4      | Reached XP level 7. HP: 9/62 MP: 8/8
  2328 | D:5      | Entered Level 5 of the Dungeon
  2559 | D:4      | Noticed Duvessa
  2559 | D:4      | Noticed Dowan
  2566 | D:4      | Killed Duvessa
  2567 | D:4      | Reached skill level 4 in Maces & Flails
  2567 | D:4      | Reached skill level 1 in Evocations
  2569 | D:4      | Killed Dowan
  2966 | D:5      | Noticed Pikel
  2975 | D:5      | Killed Pikel
  2976 | D:5      | Reached skill level 5 in Maces & Flails
  2976 | D:5      | Reached XP level 8. HP: 62/72 MP: 8/10
  3322 | D:5      | Reached skill level 6 in Maces & Flails
  3497 | D:5      | Found a staircase to the Ecumenical Temple.
  3506 | Temple   | Entered the Ecumenical Temple
  3582 | Temple   | Became a worshipper of the Shining One
  3865 | D:6      | Found a glowing drain.
  3885 | Sewer    | Entered a sewer
  4662 | D:6      | Reached XP level 9. HP: 66/80 MP: 11/11
  4759 | D:6      | Found an ancient bone altar of Kikubaaqudgha.
  4760 | D:6      | Found a hazy altar of Hepliaklqana.
  4962 | D:6      | Found a white marble altar of Elyvilon.
  5206 | D:6      | Found a stormy altar of Qazlal.
  5206 | D:6      | Found a shadowy altar of Dithmenos.
  5252 | D:6      | Found a sparkling altar of Nemelex Xobeh.
  5340 | D:7      | Reached skill level 7 in Maces & Flails
  5342 | D:7      | Reached * piety under the Shining One
  5619 | D:8      | Reached skill level 8 in Maces & Flails
  5677 | D:8      | Reached ** piety under the Shining One
  5695 | D:8      | Found a flagged portal.
  5719 | D:8      | Reached XP level 10. HP: 64/91 MP: 12/12
  5763 | Bailey   | Entered a bailey
  5923 | D:8      | Found Xidemn's Armour Shop.
  6572 | D:7      | Found a burning altar of Makhleb.
  6576 | D:7      | Identified the +11 dagger of Chaos {vorpal, Contam rF+++
                  | Str+6}
  6576 | D:7      | Noticed a balrug
  6579 | D:7      | Found a glowing silver altar of Zin.
  6579 | D:7      | Noticed an angel
  7145 | D:10     | Entered Level 10 of the Dungeon
  7145 | D:10     | Reached *** piety under the Shining One
  7172 | D:9      | Noticed a death yak
  7174 | D:9      | Noticed a death yak
  7174 | D:9      | Noticed a death yak
  7176 | D:9      | Noticed a death yak
  7176 | D:9      | Noticed a death yak
  7176 | D:9      | Noticed a death yak
  7191 | D:9      | Killed a death yak
  7192 | D:9      | Reached skill level 9 in Maces & Flails
  7232 | D:9      | HP: 1/92 [water moccasin (7)]
  7233 | D:9      | Succumbed to a water moccasin's poison

Illustrated notes

Levels and vault maps discovered:
D:1:      amcnicky_arrival_choice, layout_basic,
          hellmonk_ecumenical_altar_lost_god, minmay_tromino_i4
D:2:      minmay_evil_eye, layout_basic, uniq_robin
D:3:      layout_basic
D:4:      layout_layer_cave, nicolae_ossuary_entry_monument,
          kennysheep_crisscross, st_stairs_6, uniq_duvessa, uniq_sigmund,
          uniq_menkaure
D:5:      layout_cave_pods, lemuel_temple_firewalk_b, minivault_24,
          chequers_serial_rivers_small_3, uniq_pikel
D:6:      layout_loops_ring, nicolae_overflow_hidden_temple,
          amethyst_overflow_temple_binary, portal_sewer_entry_b,
          grunt_ministairs_9, item_on_display_a
D:7:      hangedman_cross_stitches, layout_loops_cross,
          grunt_temple_overflow_order_and_chaos_2
D:8:      layout_loops_corners, enter_bailey_6, kennysheep_windowed_goal
D:9:      layout_rooms, gammafunk_temple_overflow_wave, dpeg_lair_monsters,
          minmay_orc_entry_temple_small
D:10:     layout_roguey, uniq_joseph
Temple:   nicolae_temple_x_marks_the_god

Skill      XL: |  1  2  3  4  5  6  7  8  9 10 |
---------------+-------------------------------+-----
Conjurations   | 1 2 3 |  3.4
Unarmed Combat | 1 2 3 4 |  4.6
Dodging        | 2 3 4 |  4.4
Maces & Flails | 1 2 3 5 6 8 9 |  9.0
Fighting       | 1 2 3 |  3.7
Shields        | 1 2 |  2.0
Evocations     | 1 2 |  2.6
Stealth        | 2 |  2.7
Spellcasting   | 2 |  2.8
Throwing       | |  0.5
Air Magic      | |  2.1
Invocations    | |  0.5

Action                   |  1- 3 |  4- 6 |  7- 9 | 10-12 || total
-------------------------+-------+-------+-------+-------++-------
Melee: Unarmed           |   175 |    66 |       |       ||   241
       Morningstar       |       |    64 |   195 |    93 ||   352
       Punch             |       |     1 |       |       ||     1
Throw: Dart              |       |       |     5 |       ||     5
 Cast: Shock             |    13 |       |       |       ||    13
  Use: Scroll            |       |     6 |    13 |     8 ||    27
       Potion            |       |       |     2 |       ||     2
Armor: Robe              |    54 |    27 |    47 |    30 ||   158
Dodge: Dodged            |    74 |    53 |    98 |    87 ||   312
Block: Other             |    42 |    33 |    43 |    34 ||   152
